 Dungeon Crawl Stone Soup version 0.18.1-6-gd335043 (webtiles) character file.

23 Medar the Grasshopper (level 2, 0/13 HPs)
             Began as a Felid Warper on May 20, 2016.
             Hit by a stone thrown by a gnoll (6 damage)
             ... on level 1 of the Dungeon.
             The game lasted 00:01:40 (907 turns).

Medar the Grasshopper (Felid Warper)                 Turns: 907, Time: 00:01:41

Health: 0/13       AC:  1    Str:  7    XL:     2   Next: 72%
Magic:  6/6        EV: 19    Int: 14    God:
Gold:   67         SH:  0    Dex: 15    Spells: 1 memorised, 4 levels left
                                        Lives:  0   Deaths: 0

rFire  . . .     SeeInvis +       - Unarmed
rCold  . . .     Gourm    .     (armour unavailable)
rNeg   . . .     Faith    .     (shield unavailable)
rPois  .         Spirit   .     (helmet unavailable)
rElec  .         Dismiss  .     (cloak unavailable)
rCorr  .         Reflect  .     (gloves unavailable)
SustAt .         Harm     .     (boots unavailable)
MR     .....                    (no amulet)
Stlth  ++........               (no ring)
                                (no ring)

@: quick, not resistant to hostile enchantments, unstealthy
A: no armour, no weapons or thrown items, claws 1, fangs 3, see invisible,
carnivore 3, speed 1, shaggy fur 1, slow metabolism 1, sharp paws
a: no special abilities


You were on level 1 of the Dungeon.
You were completely stuffed.

You visited 1 branch of the dungeon, and saw 1 of its levels.

You collected 67 gold pieces.

Inventory:

Scrolls
 b - a scroll of blinking
 d - a scroll of teleportation {unknown}
 h - a scroll of identify {unknown}
Potions
 e - a potion of brilliance {unknown}
 f - a potion of might {unknown}
 i - a potion of cancellation {unknown}
 j - a potion of lignification {unknown}
Books
 a - a book of Spatial Translocations

   Spells                             Type                      Level
   a - Apportation                    Translocation                1
   b - Blink                          Translocation                2
   c - Shroud of Golubria             Charms/Translocation         2
   d - Portal Projectile              Translocation                3
   e - Teleport Other                 Translocation                3
   f - Passage of Golubria            Translocation                4
Comestibles
 c - 2 meat rations {@e2}
 g - a royal jelly
 k - 3 chunks of flesh


   Skills:
 - Level 2.0 Fighting
 + Level 4.3 Dodging
 + Level 2.4 Unarmed Combat
 - Level 2.0 Spellcasting
 - Level 4.4 Translocations


You had 4 spell levels left.
You knew the following spells:

 Your Spells              Type           Power        Failure   Level  Hunger
a - Apportation           Tloc           ##........   4%          1    ##.....


Dungeon Overview and Level Annotations

Branches:
Dungeon (1/15)

Altars:

Annotations:
D:1 exclusion: ball python


Innate Abilities, Weirdness & Mutations

You cannot wear armour.
You are incapable of wielding weapons or throwing items.
You have sharp claws.
You have razor-sharp teeth.
You have supernaturally acute eyesight.
You are carnivorous and can eat meat at any time.
You cover ground quickly.
You are covered in fur (AC +1).
You have a slow metabolism.
Your sharp claws are effective at attacking unaware monsters.


Message History

You scratch the goblin.
You kill the goblin!
No target in view!
Found 3 fruits.
You see here a goblin corpse.
You butcher the goblin corpse.
k - 3 chunks of flesh You now have 67 gold pieces (gained 19).
Found a robe.
The gnoll shouts!
The gnoll throws a stone.
The stone closely misses you.
You see here a stone.
The gnoll throws a stone.
The stone closely misses you.
You start waiting.
The gnoll hits you with a spear!
Ouch! That really hurt!
The gnoll misses you. 2 jackals come into view.
The gnoll throws a stone.
The stone hits you.
You die...

### #.#.# #h. #.#.#
#.# #.#.# #.# #.#.#
#. #h# #.#.# #.#
#.# #.#.. #.#
######.# #.### #.#
#..[##@# #.# #%#
#.#....# ##.# #.#
#.g.#### #..#
##.######(..######
#.##
#...............g.#
#.#
#..######...#####)#
#.# #..# ##.## #.#
#.# #..# #.######.#
#.#


You could see a gnoll and 2 jackals.

Vanquished Creatures
  A giant cockroach (D:1)
  5 goblins (D:1)
  5 hobgoblins (D:1)
  A ball python (D:1)
  5 bats (D:1)
  A giant newt (D:1)
  3 kobolds (D:1)
21 creatures vanquished.

Notes
Turn   | Place    | Note
--------------------------------------------------------------
     0 | D:1      | Medar the Felid Warper began the quest for the Orb.
     0 | D:1      | Reached XP level 1. HP: 9/9 MP: 4/4
   356 | D:1      | Reached XP level 2. HP: 13/13 MP: 6/6
   907 | D:1      | Hit by a stone thrown by a gnoll

Skill      XL: |  1  2 |
---------------+-------+-----
Dodging        | 4 |  4.3
Fighting       | |  2.0
Unarmed Combat | |  2.4
Spellcasting   | |  2.0
Translocations | |  4.4

Action                   || total
-------------------------++-------
Melee: Unarmed           ||    71
       Bite              ||     8
 Stab: Sleeping          ||     2
  Eat: Chunk             ||     7
Armor: Skin              ||     6
Dodge: Dodged            ||    65
